Cogmind - Beta 13 @@@ ROGUE MODE // 2024.07.15 @ 02:28:16 Player: Beef Result: Destroyed by S-27 Virus with Autogun Performance ------------- Evolutions (5) 2500 Regions Visited (6) 1200 Robots Destroyed (86) 430 Value Destroyed (2987) 2987 Prototype IDs (11) 220 Alien Tech Used (0) 0 Bonus (248) 248 TOTAL SCORE: 7585 Bonus ------- Pacifist 200 High Alert Combat Kills 48 Cogmind --------- Core Integrity 0/1000 Matter 300/300 Energy 15/100 System Corruption 4% Temperature Cool (0) Movement Hovering (70) Location -5/Factory Parts ------- > --- POWER (2) -------- (None) > --- PROPULSION (4) --- Antigrav System Gyrokinetic Inverter > --- UTILITY (9) ------ Weight Redist. System Advanced Sensor Array Improved Target Analyzer Improved Propulsion Shielding System Shield Improved System Shield > --- WEAPON (2) ------- (None) > --- INVENTORY (5) ---- Angular Momentum Engine Improved Carbon-fiber Leg Advanced Signal Interpreter Hypervelocity Gauss Cannon Tesla Bomb Launcher Peak State ------------ > --- POWER ------------ Micro Fission Core > --- PROPULSION ------- Antigrav System Gyrokinetic Inverter Field Propulsion Drive Field Propulsion Drive > --- UTILITY ---------- Advanced Heat Sink Small Storage Unit Weight Redist. System Transport Network Coupler Improved Target Analyzer Improved Target Analyzer Precision Energy Filter System Shield Improved System Shield > --- WEAPON ----------- KE Penetrator Tesla Bomb Launcher > --- INVENTORY -------- Fusion Compressor Field Propulsion Drive Advanced Signal Interpreter Improved Transmission Jammer System Shield High-powered Shock Rifle Hypervelocity Coil Gun Hypervelocity Gauss Cannon [Rating: 81] Favorites ----------- Power Enhanced Nuclear Core Engine Ion Engine Power Core Enhanced Nuclear Core Propulsion Cooled Airjet Leg Aluminum Leg Wheel Wheel Hover Unit Cooled Airjet Flight Unit Field Propulsion Drive Utility Small Storage Unit Device Advanced Weight Redist. System Storage Small Storage Unit Processor Advanced Melee Analysis Suite Hackware Hacking Suite Protection Improved Medium Armor Plating Weapon Scythe Energy Gun Heavy Laser Ballistic Gun KE Penetrator Ballistic Cannon Enhanced Gauss Cannon Launcher Tesla Bomb Launcher Slashing Weapon Scythe Piercing Weapon Spear Build | -11 -10 -9 -8 -7 -6 -5 ------- Run | Yrd Mat Mat Mat Fac Fac Fac Slots Evolved 10 | . . 2 2 2 2 2 Power 1 | . . . . . 1 . Propulsion 2 | . . 2 . . . . Utility 7 | . . . 2 2 1 2 Weapon . | . . . . . . . Parts Attached 157 | 6 1 31 18 20 10 71 Power 21 | 1 . 5 3 3 1 8 Engine 12 | 1 . 2 3 2 . 4 Core 9 | . . 3 . 1 1 4 Reactor . | . . . . . . . Propulsion 63 | 2 . 20 8 5 2 26 Treads . | . . . . . . . Leg 15 | 2 . 9 . . . 4 Wheel 3 | . . . . . . 3 Hover 39 | . . 10 8 5 2 14 Flight 6 | . . 1 . . . 5 Utility 50 | 1 1 2 7 9 7 23 Device 20 | . 1 1 1 3 1 13 Storage 4 | 1 . 1 . . 1 1 Processor 9 | . . . 1 1 4 3 Hackware 6 | . . . 2 . . 4 Protection 11 | . . . 3 5 1 2 Artifact . | . . . . . . . Weapon 23 | 2 . 4 . 3 . 14 Energy Gun 6 | . . . . . . 6 Energy Cannon . | . . . . . . . Ballistic Gun 6 | 2 . 1 . . . 3 Ballistic Cannon 1 | . . . . . . 1 Launcher 2 | . . . . . . 2 Special Weapon . | . . . . . . . Impact Weapon . | . . . . . . . Slashing Weapon 7 | . . 3 . 2 . 2 Piercing Weapon 1 | . . . . 1 . . Special Melee Weapon . | . . . . . . . Unidentified Prototypes 7 | . . . 4 1 . 2 Corrupted Parts 1 | . . . . . . 1 System Corruption 1 | . . . . . . 1 Parts Lost 68 | . . 15 2 1 2 48 Power 10 | . . 3 . . . 7 Propulsion 31 | . . 11 2 . 1 17 Utility 17 | . . 1 . 1 1 14 Weapon 10 | . . . . . . 10 Highest Loss Streak 9 | . . 5 1 1 2 9 To Critical Strikes . | . . . . . . . Average Slot Usage (%) 92 | . 86 91 98 98 99 87 Engine 4 | . 14 6 9 5 . 1 Core 4 | . . 3 . 1 13 4 Leg 5 | . 28 17 . . . 3 Hover 19 | . . 18 35 30 26 11 Flight 1 | . . . . . . 2 Device 9 | . 1 10 . 8 9 11 Storage 6 | . 14 11 9 7 3 4 Processor 8 | . . . 1 1 18 15 Hackware 8 | . . . 15 10 . 13 Protection 6 | . . . 8 14 13 3 Ballistic Gun 3 | . 28 7 . . . 2 Slashing Weapon 9 | . . 14 18 14 13 2 Naked Turns . | . . . . . . . Heaviest Build 43 | 13 14 15 28 34 43 42 Greatest Support 60 | 20 20 40 35 57 43 60 Greatest Overweight (x) 8 | . . 4 1 . 1 8 Average Overweight (x) . | . . . . . . . Largest Inventory Capacity 8 | 8 8 8 8 8 8 8 Average Capacity 7 | 6 8 8 8 8 6 7 Most Carried 8 | 2 2 8 8 8 8 8 Average Carried 6 | . 2 6 7 7 6 6 Final Capacity 8 | 8 8 8 8 8 8 5 Final Carried 8 | 2 2 7 8 8 8 5 Class Distribution -------------------- 26% | Hacker-Mutant 25% | Mutant 21% | Scavenger-Mutant 15% | Gladiator 9% | Hacker-Gladiator Dominant Class ---------------- Mutant | -10/Materials Mutant | -9/Materials Hacker-Mutant | -8/Materials Hacker-Mutant | -7/Factory Gladiator | -6/Factory Scavenger-Mutant | -5/Factory Resources | -11 -10 -9 -8 -7 -6 -5 ----------- Run | Yrd Mat Mat Mat Fac Fac Fac Matter Collected 2184 | 236 . 408 155 220 90 1075 Remotely . | . . . . . . . Salvage Created 3461 | . . 870 523 695 419 954 Parts 211 | . . 66 32 39 26 48 Haulers Intercepted 3 | . . 1 . 1 . 1 Recyclers Shooed 1 | . . . . . . 1 Parts Field Recycled . | . . . . . . . Retrieved Matter . | . . . . . . . Parts Self-Destructed . | . . . . . . . Prevented . | . . . . . . . Kills | -11 -10 -9 -8 -7 -6 -5 ------- Run | Yrd Mat Mat Mat Fac Fac Fac Combat Hostiles Destroyed 66 | . . 19 10 11 5 21 Melee 46 | . . 13 10 11 5 7 Guns 14 | . . 6 . . . 8 Cannons 5 | . . . . . . 5 AOE 1 | . . . . . . 1 Classes Destroyed 12 | . . 9 2 1 . . Worker 1 | . . 1 . . . . Builder 3 | . . 1 1 1 . . Hauler 3 | . . 1 . 1 . 1 Recycler 3 | . . . 1 1 1 . Mechanic 1 | . . 1 . . . . Operator 3 | . . 1 1 . 1 . Watcher 6 | . . 1 . 2 3 . Swarmer 21 | . . 5 3 2 3 8 Grunt 25 | . . 10 2 7 1 5 Sentry 10 | . . 4 4 1 . 1 Hunter 2 | . . . 1 . . 1 Programmer 8 | . . . . 1 1 6 Best Kill Streak 6 | . . 6 5 6 3 4 Combat Bots Only 6 | . . 6 5 4 3 4 Max Kills in Single Turn 2 | . . 2 1 1 1 2 Gunslinging 1 | . . 1 . . . 1 Exploded 1 | . . . . . . 1 Melee 1 | . . 1 1 1 1 1 Uniques/NPCs Destroyed . | . . . . . . . Combat | -11 -10 -9 -8 -7 -6 -5 -------- Run | Yrd Mat Mat Mat Fac Fac Fac Hostile Shots Fired 806 | . . 187 73 93 26 427 Missed 272 | . . 63 21 35 10 143 Damage Taken 7953 | . . 1423 457 737 230 5106 Core 1572 | . . 289 117 152 14 1000 Absorbed by Shields 53 | . . . . . 53 . Redirected to Shielding 49 | . . . . . . 49 Ignored by Resistances 112 | . . . 93 19 . . Regen/Repaired (Parts) 41 | . . . . . . 41 Core Remaining (%) 80 | 100 100 27 78 78 98 . Volleys Fired 106 | . . 23 . . . 83 Largest 2 | . . 2 . . . 2 Hottest 138 | . . 40 . . . 138 Shots Fired 191 | . . 45 . . . 146 Gun 150 | . . 45 . . . 105 Cannon 38 | . . . . . . 38 Launcher 3 | . . . . . . 3 Special . | . . . . . . . Kinetic 129 | . . 45 . . . 84 Thermal 41 | . . . . . . 41 Explosive . | . . . . . . . Electromagnetic 21 | . . . . . . 21 Robot Hit Streak 9 | . . 8 . . . 9 Robot Miss Streak 4 | . . 4 . . . 2 Penetration Max 1 | . . . . . . 1 Secondary Targets 4 | . . 2 . . . 2 Max Gunslinging Chain 1 | . . 1 . . . 1 Shots Hit Robots 274 | . . 67 30 37 16 124 Core Hits 107 | . . 26 10 17 10 44 Critical Kills . | . . . . . . . Critical Parts Destroyed 1 | . . 1 . . . . Critical Strikes 22 | . . 3 1 4 2 12 Burn 1 | . . . . . . 1 Destroy 1 | . . 1 . . . . Blast 6 | . . . . . . 6 Sever 14 | . . 2 1 4 2 5 Melee Attacks 304 | . . 70 53 78 37 66 Impact . | . . . . . . . Slashing 301 | . . 70 53 75 37 66 Piercing 3 | . . . . 3 . . Sneak Attacks 25 | . . 12 4 5 2 2 Combat Hostiles 2 | . . 2 . . . . Follow-up Attacks 22 | . . 4 5 3 2 8 Damage Inflicted 9077 | . . 1983 1110 1470 789 3725 Guns 1777 | . . 318 . . . 1459 Cannons 706 | . . . . . . 706 Explosions 147 | . . . . . . 147 Melee 6439 | . . 1661 1110 1470 789 1409 Ramming 8 | . . 4 . . . 4 Kinetic 1777 | . . 318 . . . 1459 Thermal 574 | . . . . . . 574 Explosive . | . . . . . . . Electromagnetic 279 | . . . . . . 279 Impact . | . . . . . . . Slashing 6405 | . . 1661 1110 1436 789 1409 Piercing 34 | . . . . 34 . . Highest Corruption 8 | . . 1 . 1 . 8 Average Corruption 2 | . . 1 . 1 . 4 Corruption Purged 6 | . . . . 1 . 5 Corruption Blocked . | . . . . . . . Effects 23 | . . 8 . 1 . 14 Message Errors 6 | . . 2 . . . 4 Matter Fused 5 | . . 1 . . . 4 Heat Flow Errors 3 | . . 1 . 1 . 1 Energy Discharges 3 | . . 1 . . . 2 Parts Rejected 1 | . . 1 . . . . Data Loss (minor) 2 | . . 1 . . . 1 Alerts 1 | . . . . . . 1 Weapon Failures 2 | . . 1 . . . 1 Overload Shots . | . . . . . . . Overflow Damage 578 | . . 217 146 113 24 78 Projectiles 46 | . . . . . . 46 Explosions . | . . . . . . . Melee 532 | . . 217 146 113 24 32 Knockbacks 7 | . . . . . . 7 Impact . | . . . . . . . Kinetic 7 | . . . . . . 7 Secondary . | . . . . . . . Self-Inflicted Damage 63 | . . 2 . . . 61 Shots 3 | . . . . . . 3 Rammed 3 | . . 1 . . . 2 Targets Rammed 3 | . . 1 . . . 2 Kicked . | . . . . . . . Crushed . | . . . . . . . Highest Temperature 558 | . . 84 . 155 13 558 Average Temperature 140 | . . 12 . 83 13 227 Received Heat Transfer 1828 | . . 594 108 219 97 810 Effects 13 | . . . . . . 13 Shutdowns 2 | . . . . . . 2 Energy Bleed 1 | . . . . . . 1 Interference 4 | . . . . . . 4 Matter Decay 1 | . . . . . . 1 Damage (major) 4 | . . . . . . 4 Damage (core) 1 | . . . . . . 1 Siege Activations . | . . . . . . . Robots Corrupted . | . . . . . . . Combat Hostiles . | . . . . . . . Parts Fried 2 | . . . . . . 2 Impact Corruptions . | . . . . . . . Robots Melted . | . . . . . . . Combat Hostiles . | . . . . . . . Parts Melted . | . . . . . . . Heat Transferred 1184 | . . . . . . 1184 Parts Sabotaged . | . . . . . . . Parts Stolen . | . . . . . . . Parts Stripped . | . . . . . . . Power Chain Reactions . | . . . . . . . Alert | -11 -10 -9 -8 -7 -6 -5 ------- Run | Yrd Mat Mat Mat Fac Fac Fac Peak Influence 535 | . 15 535 488 390 290 305 Initial 221 | . . 5 48 221 87 122 Average 173 | . 6 245 260 202 170 122 Maximum Alert Level 2 | . . 2 2 1 1 1 Low Security (%) 67 | 100 100 43 45 40 67 93 Level 1 26 | . . 37 31 59 32 6 Level 2 5 | . . 19 23 . . . Level 3 . | . . . . . . . Level 4 . | . . . . . . . Level 5 . | . . . . . . . High Security . | . . . . . . . Max Security . | . . . . . . . Squads Dispatched 38 | . 1 4 5 11 7 10 Investigation 20 | . . 3 3 8 3 3 Extermination 3 | . . . . . 2 1 Reinforcement 11 | . 1 1 2 . 2 5 Assault 1 | . . . . . . 1 Garrison 3 | . . . . 3 . . Intercept . | . . . . . . . Searches Triggered . | . . . . . . . Construction Impeded 1 | . . . . . . 1 Haulers Reinforced 1 | . . . . . . 1 Active Scanning Responses . | . . . . . . . Cargo Convoy Interrupts 1 | . . . . . . 1 Stealth | -11 -10 -9 -8 -7 -6 -5 --------- Run | Yrd Mat Mat Mat Fac Fac Fac Distress Signals 7 | . . 4 1 1 . 1 Communications Jammed . | . . . . . . . Distress Signals . | . . . . . . . Times Spotted 167 | . 1 49 20 20 20 57 Peak Tracking Total 14 | . 2 7 5 5 4 14 Tactical Retreats 27 | . . 8 4 3 4 8 Traps | -11 -10 -9 -8 -7 -6 -5 ------- Run | Yrd Mat Mat Mat Fac Fac Fac Traps Triggered 2 | . . 1 . 1 . . Indirectly . | . . . . . . . Trap Hack Attempts . | . . . . . . . Triggered . | . . . . . . . Disarmed . | . . . . . . . Reprogrammed . | . . . . . . . Reused . | . . . . . . . Traps Extracted . | . . . . . . . Installed . | . . . . . . . Triggered 1 | . . . . . . 1 Machines | -11 -10 -9 -8 -7 -6 -5 ---------- Run | Yrd Mat Mat Mat Fac Fac Fac Machines Disabled 5 | . . . . . . 5 Max in Single Turn 1 | . . . . . . 1 Garrison Access 1 | . . . . . . 1 Machines Repaired . | . . . . . . . Machines Dismantled . | . . . . . . . Machines Sabotaged . | . . . . . . . Overloaded Fab Kills . | . . . . . . . Hacking | -11 -10 -9 -8 -7 -6 -5 --------- Run | Yrd Mat Mat Mat Fac Fac Fac Machines Accessed 55 | . . 10 6 19 8 12 Terminals 43 | . . 10 6 14 6 7 Fabricators 3 | . . . . 2 . 1 Repair Stations 3 | . . . . 2 . 1 Recycling Units 5 | . . . . . 2 3 Scanalyzers . | . . . . . . . Garrison Access 1 | . . . . 1 . . Total Hacks 164 | . . 27 24 44 20 49 Successful 58 | . . 9 5 20 6 18 Failed 106 | . . 18 19 24 14 31 Catastrophic 27 | . . 6 3 7 4 7 Database Lockouts . | . . . . . . . Manual 73 | . . 22 21 16 1 13 Terminals 135 | . . 27 24 36 18 30 Fabricators 7 | . . . . 3 . 4 Repair Stations 5 | . . . . 2 . 3 Recycling Units 14 | . . . . . 2 12 Scanalyzers . | . . . . . . . Garrison Access 3 | . . . . 3 . . Terminal Hacks 41 | . . 9 5 16 5 6 Part Schematic 6 | . . 1 1 4 . . Prototype ID Bank 1 | . . . . . 1 . Level Access Points 1 | . . . . 1 . . Branch Access Points 2 | . . . . 1 . 1 Emergency Access Points 2 | . . . . 1 1 . Terminal Index 5 | . . 1 1 1 1 1 Alert Level 6 | . . 2 . 3 . 1 Unreport Threat 5 | . . 2 . 2 . 1 Dispatch Records 1 | . . . 1 . . . Security Status 1 | . . 1 . . . . Recall Investigation 4 | . . . . 1 1 2 Recall Reinforcements 1 | . . . 1 . . . Zone Layout 6 | . . 2 1 2 1 . Fabricator Hacks 5 | . . . . 2 . 3 Network Status 3 | . . . . 2 . 1 Load Schematic 1 | . . . . . . 1 Build 1 | . . . . . . 1 Repair Station Hacks 2 | . . . . . . 2 Scan Component 1 | . . . . . . 1 Repair 1 | . . . . . . 1 Recycling Unit Hacks 6 | . . . . . 1 5 Report Inventory 4 | . . . . . 1 3 Retrieve Components 2 | . . . . . . 2 Scanalyzer . | . . . . . . . Garrison Access Hacks . | . . . . . . . Unauthorized Hacks 4 | . . . . 2 . 2 Terminals 1 | . . . . . . 1 Assimilate 1 | . . . . . . 1 Fabricators . | . . . . . . . Repair Stations . | . . . . . . . Recycling Units 1 | . . . . . . 1 Monitor 1 | . . . . . . 1 Scanalyzers . | . . . . . . . Garrison Access 2 | . . . . 2 . . Broadcast 1 | . . . . 1 . . Reprogram 1 | . . . . 1 . . Data Cores Recovered . | . . . . . . . Used . | . . . . . . . Hacking Detections 51 | . . 9 6 18 7 11 Full Trace Events 18 | . . 2 4 7 3 2 Feedback Events 2 | . . 1 . 1 . . Corruption 2 | . . 1 . 1 . . Feedback Blocked . | . . . . . . . Robot Schematics Acquired . | . . . . . . . Robots Built . | . . . . . . . Authchips . | . . . . . . . Time . | . . . . . . . Total Robot Build Rating . | . . . . . . . Part Schematics Acquired 6 | . . 1 1 4 . . Parts Built 1 | . . . . . . 1 Authchips . | . . . . . . . Time 84 | . . . . . . 84 Total Part Build Rating 4 | . . . . . . 4 Parts Repaired 1 | . . . . . . 1 Time 25 | . . . . . . 25 Parts Recycled . | . . . . . . . Recycled Matter . | . . . . . . . Retrieved Matter . | . . . . . . . Retrieved Components 12 | . . . . . . 12 Parts Scanalyzed . | . . . . . . . Part Schematics Acquired . | . . . . . . . Parts Damaged . | . . . . . . . Bothacking | -11 -10 -9 -8 -7 -6 -5 ------------ Run | Yrd Mat Mat Mat Fac Fac Fac Used RIF Installer . | . . . . . . . Robots Hacked . | . . . . . . . Non-combat . | . . . . . . . Combat . | . . . . . . . Robot Hacks Applied . | . . . . . . . Relay Couplers Released 1 | . . . . . . 1 Machine Destruction 1 | . . . . . . 1 Fabnet Peak Effective % . | . . . . . . . Robots Rewired 1 | . . . . . 1 . Allies Hacked . | . . . . . . . Hacks Repelled . | . . . . . . . Allies | -11 -10 -9 -8 -7 -6 -5 -------- Run | Yrd Mat Mat Mat Fac Fac Fac Total Allies 5 | . . . . 3 1 1 Largest Group 3 | . . . . 3 1 1 Highest-Rated Group 48 | . . . . 48 40 40 Highest-Rated Ally 40 | . . . . 16 40 40 Total Orders . | . . . . . . . Ally Attacks 19 | . . . . 19 . . Total Damage 265 | . . . . 265 . . Kills 2 | . . . . 2 . . Allies Corrupted . | . . . . . . . Allies Melted . | . . . . . . . Intel | -11 -10 -9 -8 -7 -6 -5 ------- Run | Yrd Mat Mat Mat Fac Fac Fac Robot Analysis Total . | . . . . . . . Derelict Logs Recovered . | . . . . . . . Drone Launches . | . . . . . . . Drone Recoveries . | . . . . . . . Exploration | -11 -10 -9 -8 -7 -6 -5 ------------- Run | Yrd Mat Mat Mat Fac Fac Fac Turns Passed 4410 | 74 112 866 360 808 523 1667 Spaces Moved 5056 | 57 93 688 355 1359 846 1658 Core 14 | 6 . 4 . . . 4 Treads . | . . . . . . . Legs 501 | 51 93 269 . . . 88 Wheels 109 | . . . . . . 109 Hover 3934 | . . 415 355 1359 846 959 Flight 498 | . . . . . . 498 Fastest Speed 22 | 50 120 48 43 22 38 37 Average Speed 55 | 112 120 80 52 37 40 61 Slowest Speed 450 | 120 120 250 108 38 102 450 Overloaded Moves 11 | . . . . 11 . . Propulsion Burnouts . | . . . . . . . Robots Hopped 14 | . . . . . . 14 Cave-ins Triggered . | . . . . . . . Exploration Rate (%) 32 | 4 26 64 35 40 28 28 Regions Visited 6 Branch Regions . Pre-discovered Areas . | . . . . . . . Known Exits Taken 1 | . . . . 1 . . Unknown Exits Taken 5 | 1 1 1 1 . 1 . Scrap Searched . | . . . . . . . Spaces Dug 67 | . . 8 11 24 10 14 Terrain Destroyed 89 | . . 8 11 24 10 36 Melee 65 | . . 8 11 24 10 12 Projectile 24 | . . . . . . 24 AOE . | . . . . . . . Terrain Rammed . | . . . . . . . Walls Destroyed . | . . . . . . . Machines Disabled . | . . . . . . . Actions | -11 -10 -9 -8 -7 -6 -5 --------- Run | Yrd Mat Mat Mat Fac Fac Fac Total 6066 | 64 93 862 460 1553 982 2052 Wait 295 | . . 10 24 64 70 127 Move 5024 | 56 92 687 354 1358 845 1632 Hop 12 | . . . . . . 12 Pick Up 104 | 2 . 27 9 18 9 39 Fast Attach 61 | 6 1 12 5 9 3 25 Attach 51 | . . 8 5 2 4 32 Detach 17 | . . 2 2 1 2 10 Swap 45 | . . 11 8 9 3 14 Drop 80 | . . 19 9 25 5 22 Fire 106 | . . 23 . . . 83 Melee 258 | . . 62 44 67 31 54 Ram 3 | . . 1 . . . 2 Kick . | . . . . . . . Crush . | . . . . . . . Escape Stasis . | . . . . . . . Rewire 10 | . . . . . 10 . Trap . | . . . . . . . Miscellaneous . | . . . . . . . Route ------- -11/Scrapyard -10/Materials -9/Materials (discovered 2 exits: *Mat / [*Min]) -8/Materials -7/Factory (discovered 7 exits: *Fac x4 / Sto / *Low x2) -6/Factory -5/Factory (discovered 3 exits: [*Fac] / Upp x2) History --------- Turn | Location | Event 2 | -11/Scrapyard | Met Revision 17 6 | -11/Scrapyard | Discovered new exit (range 14) 75 | -11/Scrapyard | Entered Materials 147 | -10/Materials | Discovered new exit (range 16) 187 | -10/Materials | Entered another Materials area 187 | -9/Materials | Evolved 2 slots: Propulsion x2 300 | -9/Materials | Build established: Mutant 512 | -9/Materials | Lost 3 parts (1p2n) 774 | -9/Materials | Core integrity fell below 50% 816 | -9/Materials | Lost 5 parts (2p3n) 1002 | -9/Materials | Discovered new exit (range 7) 1052 | -9/Materials | Discovered new exit (range 3) 1053 | -9/Materials | Entered another Materials area 1053 | -8/Materials | Evolved 2 slots: Utility x2 1380 | -8/Materials | Build established: Hacker-Mutant 1402 | -8/Materials | Discovered new exit (range 12) 1413 | -8/Materials | Entered Factory 1413 | -7/Factory | Evolved 2 slots: Utility x2 1573 | -7/Factory | Discovered new exit (range 12) 1637 | -7/Factory | Identified exit to Storage 1637 | -7/Factory | Identified exit to Lower Caves 1881 | -7/Factory | Garrison activated, responded to threat 1987 | -7/Factory | Identified exit to Factory 2221 | -7/Factory | Entered another Factory area 2221 | -6/Factory | Evolved 2 slots: Power x1, Utility x1 2376 | -6/Factory | Build established: Gladiator 2724 | -6/Factory | Discovered new exit (range 15) 2744 | -6/Factory | Entered another Factory area 2744 | -5/Factory | Accompanied by 1 ally 2744 | -5/Factory | Evolved 2 slots: Utility x2 2859 | -5/Factory | Identified exit to Upper Caves 2947 | -5/Factory | Discovered new exit (range 6) 3076 | -5/Factory | Build established: Hacker-Gladiator 3133 | -5/Factory | Lost 3 parts (2u1w) 3282 | -5/Factory | Lost 6 parts (1p2n3w) 3436 | -5/Factory | Lost 5 parts (2p2n1u) 3733 | -5/Factory | Lost 9 parts (1p3n4u1w) 3895 | -5/Factory | Build established: Scavenger-Mutant 3927 | -5/Factory | Cargo convoy interrupted 3935 | -5/Factory | Found Prototype Launcher 3938 | -5/Factory | Identified Tesla Bomb Launcher 4006 | -5/Factory | Core integrity fell below 50% 4089 | -5/Factory | Lost 4 parts (1p2n1w) 4173 | -5/Factory | Repaired Adv. Heat Sink 4337 | -5/Factory | Fabricated Med. Reactive Plating? 4355 | -5/Factory | Core integrity fell below 20% 4383 | -5/Factory | Lost 9 parts (1p4n1u3w) 4411 | -5/Factory | Destroyed by S-27 Virus with Autogun Last Messages --------------- 04374_ >> MONITOR: Recycling Unit F006 accepting Corrupted Autogun (76%). 04377_ >> MONITOR: Recycling Unit F006 accepting VTOL Module (84%). 04383_ >> MONITOR: Recycling Unit F006 accepting Lgt. Nuclear Core (56%). 04388_ Field Propulsion Drive destroyed. 04390_ >> MONITOR: Recycling Unit F006 accepting Lgt. Ion Engine (100%). 04393_ >> MONITOR: Recycling Unit F006 accepting Wheel (92%). 04394_ Imp. Target Analyzer destroyed. 04395_ Imp. Transmission Jammer destroyed. 04396_ >> MONITOR: Recycling Unit F006 accepting Prc. Energy Filter (8%). 04399_ >> MONITOR: Recycling Unit F006 accepting VTOL Module (76%). 04401_ Acquired Antigrav System. 04402_ >> MONITOR: Recycling Unit F006 accepting Autogun (94%). 04405_ >> MONITOR: Recycling Unit F006 accepting VTOL Module (96%). 04408_ Slammed into A-15 Conveyor. 04408_ A-15 Conveyor calls for reinforcements. 04408_ ALERT: Hostile activity reported, dispatching reinforcements to area. 04408_ Transport Network Coupler destroyed. 04409_ Slammed into A-15 Conveyor. [Achievement: Tester] Map ----- +----------------------------------------------------+ | | | | | | | | | | | | | ??????????????????????????######?????????????????? | | ?????#????#######?????????# #?????????????????? | | ??????????# ###########[ !#?????????????????? | | ########### + #?????????????????? | | # H # ! #?????????????????? | | # ######## + #?????????????????? | | # #??#?### ##+######## #?????????????????? | | ##########+#### ## #?????????????????? | | # # # "" ## #?????????????????? | | # # # "" ## ] ##????????????????? | | # # # T" ########????????????????? | | +% # #! "" #???????????????????????? | | # "T" # ! # "" #???????????????????????? | | # """ # # ! #???????????????????????? | | ############### ! #######?????????????????? | | " #??????###????# ## #?????????????????? | | " #?????????????# ! ## #?????????????????? | | " ######################## #?????????????????? | | " [A=+[ #?????????????????? | | #################@#*[= #?????????????????? | | #??????? ##*#! #?????????????????? | | # #???????""""" ##*# *Y #?????????????????? | | # #???????""""" ## #[!""#?????????????????? | | # #???""""""""" ## #= #?????????????????? | | # #?? """"""""" ##s######?????????????????? | | # #?# """"""""" / #?????????????????? | | # #?# """"""""" # #?????????????????? | | # #?# # #?????????????????? | | # ### # #?????????????????? | | ## # #?????????????????? | | ##########/####s #?????????????????? | | / #?????????????????? | | # #?????????????????? | | + #?????????????????? | | ! # #?????????????????? | | # #?????????????????? | | ###+########### #?????????????????? | | # ## #?????????????????? | | ## ### """ ## #?????????????????? | | ?# #?# """ ##[ #?????????????????? | | ?# #?# """ !! ## #?????????????????? | | ?# #?# !! ## #?????????????????? | | ?# #########################?????????????????? | | ?# # #????????????????????????????? | +----------------------------------------------------+ Best States ------------- Heat Dissipation 78 Energy Generation 31 Energy Capacity 500 Matter Stores 300 Matter Capacity 300 Sight Range 16 Robot Scan Range 16 Terrain Scan Range 20 Terrain Scan Density 210 Jamming Range 14 Additional Mass Support 9 Armor Coverage 450 Resistance: KI 20 Resistance: EM 15 Propulsion Shielding 66 Evasion (%) 62 Melee Accuracy 16 Target Analysis 9 Energy Filtering 50 Force Boost 20 Offensive Hacking 20 Defensive Hacking 32 Item Schematics ----------------- Imp. Hover Unit | -9/Materials | Hacked Airjet | -8/Materials | Hacked Imp. Cesium-ion Thruster | -7/Factory | Hacked Imp. Carbon-fiber Leg | -7/Factory | Hacked Med. Reactive Plating | -7/Factory | Hacked Imp. Actuator Array | -7/Factory | Hacked Robot Schematics ------------------ None Fabricated ------------ Med. Reactive Plating | x1 | -5/Factory Alien Tech Used ----------------- None Achievements -------------- Tester Whoosh! Challenges ------------ None Game ------ Seed DecoderComponentPlating Manual? 0 Play Time 01:09:26 Cumulative 54.2 hours Start 2024.07.15 @ 01:20:46 End 2024.07.15 @ 02:28:16 Sessions 1 Manual Loads 0 Difficulty Rogue Special Mode None Game No. 57 Rogue 57 Adventurer 0 Explorer 0 Win Type - Total 0 Types 0/0/0/0/0/0/0/0/0 Lore% 43 Gallery% 50 Achievement% 35 Wizard Run 0 Options --------- Layout 0 ASCII 0 Keyboard 1 Movement Numpad Keybinds 0 Fullscreen 2 Font 18/SmallcapsGlow Map View 76x50 Zoom Use 0% Tactical HUD 1 Map Filters NONE Filters NONE Steam 1 RUN: b62bbcf8-42d3-4793-b9c6-7509034155a5